 Dungeon Crawl Stone Soup version 0.28.0-1-gb440e238dd (webtiles) character file.

Game seed: 10001123734467003141

2632 smarlow the Blocker (level 9, -5/123 HPs)
             Began as a Minotaur Fighter on Feb 23, 2022.
             Slain by a gnoll (11 damage)
             ... on level 7 of the Dungeon.
             The game lasted 00:15:57 (6981 turns).

smarlow the Blocker (Minotaur Fighter)              Turns: 6981, Time: 00:15:58

Health: -5/123     AC: 24    Str: 26    XL:     9   Next: 35%
Magic:  8/8        EV:  2    Int:  5    God:
Gold:   255        SH:  5    Dex:  9    Spells: 8/8 levels left

rFire   . . .      SeeInvis .   a - +0 war axe
rCold   . . .      Faith    .   c - +0 buckler
rNeg    . . .      Spirit   .   (armour currently unavailable)
rPois   +          Reflect  .   (helmet currently unavailable)
rElec   .          Harm     .   (cloak currently unavailable)
rCorr   .          Rampage  .   (gloves currently unavailable)
Will    .....      NoTele   +   (boots currently unavailable)
Stlth   +.........              (no amulet)
HPRegen 0.30/turn               (no ring)
MPRegen 0.11/turn               (no ring)

@: tree-form, studying Spellcasting
A: stationary, stasis, torment immunity, boosted hp, (horns 2), (retaliatory
headbutt)
a: no special abilities


You were on level 7 of the Dungeon.
You were a tree.
You visited 1 branch of the dungeon, and saw 7 of its levels.

You collected 255 gold pieces.

Inventory:

Hand Weapons
 a - a +0 war axe (weapon)
Armour
 b - a +0 scale mail (melded)
 c - a +0 buckler (worn)
 m - a +0 pair of boots (melded)
Jewellery
 f - a ring of fire
Wands
 p - a wand of iceblast (17)
Scrolls
 g - 2 scrolls of vulnerability
 j - a scroll of acquirement
 n - a scroll of enchant weapon
 o - 2 scrolls of fog
 r - a scroll of magic mapping
Potions
 i - 3 potions of brilliance
 k - a potion of attraction


   Skills:
 + Level 8.5 Fighting
 + Level 8.0 Axes
 + Level 8.5 Armour
 + Level 8.5 Shields


You had 8 spell levels left.
You didn't know any spells.
Your spell library contained the following spells:

 Spells                   Type           Power      Damage    Failure   Level
 Sandblast                Erth           0%         2d4       54%         1
 Passwall                 Tmut/Erth      0%         N/A       69%         2
 Stone Arrow              Conj/Erth      0%         3d7       89%         3


Dungeon Overview and Level Annotations

Branches:
Dungeon (7/15)
 Temple: D:4-7

Altars:
Uskayaw

Annotations:
D:4 3 runed translucent doors, kd29's ghost, amateur DsGl


Innate Abilities, Weirdness & Mutations

You are a tree.
Your roots penetrate the ground, keeping you stationary.
You cannot be teleported.
You are immune to unholy pain and torment.
Your maximum health is greatly increased.
Your equipment is partially melded.
((You have a pair of horns on your head.))
((You reflexively headbutt those who attack you in melee.))


Message History

Your roots penetrate the ground.
The net rips apart!
You block the gnoll's attack. x2
The howler monkey skeleton hits you but does no damage.
The gnoll hits you but does no damage.
The gnoll shaman invokes the aid of its god against you.
You easily resist.
The gnoll hits you but does no damage.
You hit the gnoll.
The gnoll is lightly wounded.
You closely miss the gnoll shaman. You slash the howler monkey skeleton!
You block the gnoll's attack. The gnoll hits you but does no damage.
The howler monkey skeleton hits you but does no damage.
You block the gnoll's attack. The gnoll hits you but does no damage.
The gnoll shaman hits you but does no damage.
You closely miss the gnoll.
The gnoll is lightly wounded.
You slash the howler monkey skeleton!
You destroy the howler monkey skeleton!
You hit the gnoll shaman. The gnoll hits you with a +0 club.
* * * LOW HITPOINT WARNING * * *
The gnoll hits you from afar with a +0 halberd.
* * * LOW HITPOINT WARNING * * *
The gnoll hits you but does no damage. The gnoll barely misses you.
The gnoll shaman hits you but does no damage.
The gnoll hits you from afar with a +0 halberd!
* * * LOW HITPOINT WARNING * * *
You completely miss the gnoll.
The gnoll is lightly wounded.
You slash the gnoll shaman! The gnoll hits you but does no damage.
You block the gnoll's attack. The gnoll hits you but does no damage.
The gnoll shaman hits you with a +0 club.
* * * LOW HITPOINT WARNING * * *
You slice the gnoll!!
You kill the gnoll!
You slash the gnoll shaman!
You kill the gnoll shaman!
The gnoll hits you from afar with a +0 halberd.
* * * LOW HITPOINT WARNING * * *
The gnoll hits you but does no damage.
The gnoll hits you from afar with a +0 halberd!
You die...

######..#######.###....####.#
#...#.## #.# ###### #.#
###.#.#).# #.# #.#
.)..#....######.######### #.#
.#.#.#.#...)............# #.#
..##.##.................# #.#
###.O.###...............###.#
##.##.................)...#
#.#.#........♣.......####.....
#)#.........)).......# .###.
#.#.....>...g.g......... ..
#.#.....(...)))......### .#.
#.##...............<.# .#[ #.#
#................# .# . ...
................# ...
.(.............# ...
...............


You could see 2 gnolls.

Vanquished Creatures
  A two-headed ogre (D:7)
  2 ice beasts (D:7)
  3 orc warriors
  A sky beast (D:7)
  A black bear (D:3)
  4 ogres
  A centaur (D:7)
  2 bullfrogs
  A scorpion (D:5)
  A water moccasin zombie (D:5)
  A wyvern skeleton (D:7)
  A centaur zombie (D:7)
  A bullfrog zombie (D:5)
  2 hounds (D:6)
  2 orc priests (D:7)
  3 jellies
  A gnoll shaman (D:7)
  3 iguanas
  3 orc wizards
  A killer bee zombie (D:3)
  A hound skeleton (D:5)
  A mummy (D:6)
  4 gnolls
  3 howler monkey skeletons
  2 adders (D:2)
  A shadow imp (D:3)
  3 white imps
  A worm (D:2)
  A dart slug (D:2)
  14 orcs
  7 ball pythons
  9 endoplasms
  4 giant cockroaches
  10 hobgoblins
  8 jackals
  3 kobolds
  2 quokkas
  5 bats
  A frilled lizard (D:1)
  12 goblins
  2 hobgoblin zombies (D:6)
  A kobold zombie (D:6)
  An orc zombie (D:6)
  3 rats
134 creatures vanquished.

Vanquished Creatures (others)
  3 fungi (D:4)
  A plant (D:4)
4 creatures vanquished.

Grand Total: 138 creatures vanquished

Notes
Turn   | Place    | Note
-------+----------+-------------------------------------------
     0 | D:1      | smarlow the Minotaur Fighter began the quest for the Orb.
     0 | D:1      | Reached XP level 1. HP: 19/19 MP: 0/0
    78 | D:1      | Reached XP level 2. HP: 27/27 MP: 1/1
   555 | D:2      | Found a faded altar of an unknown god.
   596 | D:2      | Reached XP level 3. HP: 23/33 MP: 2/2
  1292 | D:3      | Reached XP level 4. HP: 40/40 MP: 3/3
  1791 | D:3      | Noticed a black bear
  1831 | D:3      | Killed a black bear
  1832 | D:3      | Reached XP level 5. HP: 37/47 MP: 4/4
  2199 | D:3      | Reached skill level 5 in Fighting
  2199 | D:3      | Reached skill level 5 in Shields
  2434 | D:3      | Reached skill level 5 in Armour
  2862 | D:4      | Found a runed translucent gate.
  2862 | D:4      | Found a runed translucent gate.
  2865 | D:4      | Found a runed translucent gate.
  2865 | D:4      | Noticed kd29's ghost (amateur DsGl)
  3108 | D:4      | Reached XP level 6. HP: 37/56 MP: 5/5
  3679 | D:5      | Entered Level 5 of the Dungeon
  3908 | D:5      | Reached skill level 5 in Axes
  3908 | D:5      | Reached XP level 7. HP: 13/62 MP: 6/6
  4358 | D:5      | Found a hide-covered altar of Uskayaw.
  4358 | D:5      | Noticed a +0 falchion
  4358 | D:5      | Noticed a +0 spear
  4358 | D:5      | Noticed a +0 short sword
  4359 | D:5      | Noticed a +0 dagger
  4359 | D:5      | Noticed a +0 falchion
  4360 | D:5      | Noticed a +0 spear
  4360 | D:5      | Noticed a +0 dagger
  4361 | D:5      | Noticed a +0 short sword
  5015 | D:6      | HP: 1/63 [orc warrior (13)]
  5446 | D:6      | Reached XP level 8. HP: 68/71 MP: 7/7
  6014 | D:7      | Noticed a two-headed ogre
  6034 | D:7      | HP: 3/73 [centaur zombie (2)]
  6398 | D:7      | Identified a scroll of acquirement
  6516 | D:7      | HP: 2/74 [ice beast (12)]
  6885 | D:7      | Killed a two-headed ogre
  6886 | D:7      | Reached XP level 9. HP: 47/82 MP: 8/8
  6981 | D:7      | HP: 6/123 [gnoll (1)]
  6981 | D:7      | Slain by a gnoll

Illustrated notes

Levels and vault maps discovered:
D:1:      erik_arrival_triangle_small, layout_basic
D:2:      layout_rooms, hellmonk_ecumenical_altar_dog_temple
D:3:      minmay_diamond_boxcup, layout_basic
D:4:      layout_cave_pools, gammafunk_ghost_nasty_kobolds,
          minmay_goblin_outpost
D:5:      layout_basic, nicolae_uskayaw_en_pointe
D:6:      layout_rooms, minmay_holes, minmay_mini_ossuary
D:7:      layout_basic, minmay_temple_entry_enclosed_plants,
          minmay_manual_monstrance

Skill      XL: |  1  2  3  4  5  6  7  8  9 |
---------------+----------------------------+-----
Shields        | 4 5 6 8 |  8.5
Fighting       | 4 5 6 8 |  8.5
Armour         | 4 5 6 8 |  8.5
Axes           | 3 4 5 6 7 8 |  8.0

Action                   |  1- 3 |  4- 6 |  7- 9 || total
-------------------------+-------+-------+-------++-------
Melee: War axe           |    87 |   104 |   171 ||   362
       Headbutt          |    11 |    10 |    38 ||    59
  Use: Scroll            |     4 |     3 |     7 ||    14
       Potion            |       |     1 |     7 ||     8
Armor: Scale mail        |    45 |    58 |    79 ||   182
       Skin              |       |       |    12 ||    12
Dodge: Dodged            |    45 |    52 |    74 ||   171
Block: Buckler           |    20 |    26 |    44 ||    90
